 Dungeon Crawl Stone Soup version 0.31-a0-188-g5e087ee2ca (webtiles) character file.

Game seed: 16291708608362310850

184 qw the Skirmisher (level 5, -2/29 HPs)
             Began as a Deep Elf Hunter on June 23, 2023.
             Slain by a gnoll
             ... wielding a +4 flail
              (4 damage)
             ... on level 3 of the Dungeon.
             The game lasted 00:00:50 (1875 turns).

qw the Skirmisher (Deep Elf Hunter)                 Turns: 1875, Time: 00:00:51

Health: -2/29      AC:  6    Str: 10    XL:     5   Next: 36%
Magic:  7/7        EV: 11    Int: 14    God:
Gold:   32         SH:  0    Dex: 18    Spells: 4/4 levels left

rFire   . . .        Y - +1 shortbow
rCold   . . .        (shield currently unavailable)
rNeg    . . .        d - +0 ring mail
rPois   .            j - +0 helmet
rElec   .            (no cloak)
rCorr   .            (no gloves)
SInv    .            (no boots)
Will    .....        (no amulet)
Stlth   +            (no ring)
HPRegen 0.24/turn    (no ring)
MPRegen 0.10/turn

%: no passive effects
@: about to teleport
A: no striking features
a: no special abilities


You were on level 3 of the Dungeon.
You visited 1 branch of the dungeon, and saw 3 of its levels.

You collected 32 gold pieces.


   Skills:
 - Level 1.5 Fighting
 + Level 8.9 Ranged Weapons
 - Level 2.4 Dodging
 - Level 1.2 Stealth


You had 4 spell levels left.
You didn't know any spells.
Your spell library was empty.

Inventory:

Hand Weapons
 Y - a +1 shortbow (weapon)
Armour
 d - a +0 ring mail (worn)
 j - a +0 helmet (worn)
Scrolls
 b - a scroll of identify
Potions
 e - a potion of curing
 g - a potion of resistance
 i - a potion of enlightenment {unknown}
 k - a potion of cancellation {unknown}

Dungeon Overview and Level Annotations

Branches:
Dungeon (3/15)

Altars:


Message History

You shoot an arrow. The arrow hits the gnoll.
The gnoll is lightly wounded.
The gnoll hits you with a +0 flail.
The gnoll hits you from afar with a +0 spear.
You shoot an arrow. The arrow hits the gnoll.
The gnoll is severely wounded.
The gnoll hits you but does no damage. The gnoll closely misses you.
You shoot an arrow. The arrow hits the gnoll.
The gnoll is almost dead.
The gnoll closely misses you. x2
You shoot an arrow. The arrow hits the gnoll.
You kill the gnoll!
The gnoll hits you but does no damage.
You shoot an arrow. The arrow closely misses the gnoll.
The gnoll hits you from afar with a +0 spear.
You shoot an arrow. The arrow closely misses the gnoll.
The gnoll closely misses you.
The gnoll hits you from afar with a +0 spear!
A ball python comes into view.
You shoot an arrow. The ball python hisses angrily.
The arrow hits the gnoll!
The gnoll is severely wounded.
The gnoll misses you.
You shoot an arrow. The arrow hits the gnoll!
You kill the gnoll!
You shoot an arrow. The arrow barely misses the gnoll.
You shoot an arrow. The arrow barely misses the gnoll.
The gnoll completely misses you.
You shoot an arrow. The arrow hits the gnoll.
The gnoll is heavily wounded.
The gnoll hits you with a +4 flail.
You shoot an arrow. The arrow barely misses the gnoll.
The gnoll hits you with a +4 flail.
1875 ||| READING scroll of teleportation.
As you read the scroll of teleportation, it crumbles to dust.
You feel strangely unstable.
A goblin comes into view. It is wielding a +0 dagger.
The gnoll hits you with a +4 flail.
You die...

#.# ## #.# #g #.# .#
#.# .. #.### #.
#.#.## #S #..#.##
.#.###g######.###.##
.......@.....## ##.#
...###....###.###.##
####.# ##.#.## #.#
##.## #.# #.# #.#
#.# ###.#####.#
.....>.<..#
###########


You could see a gnoll, a goblin and a ball python.

Vanquished Creatures
  Jessica (D:2)
  Terence (D:2)
  Robin (D:2)
  2 gnolls (D:3)
  3 adders (D:2)
  8 bats
  7 endoplasms
  2 giant cockroaches
  13 goblins
  10 hobgoblins
  2 jackals (D:1)
  4 kobolds
  3 quokkas (D:2)
  5 ball pythons (D:1)
  3 frilled lizards
  5 rats
70 creatures vanquished.

Notes
Turn   | Place    | Note
-------+----------+-------------------------------------------
     0 | D:1      | qw the Deep Elf Hunter began the quest for the Orb.
     0 | D:1      | Reached XP level 1. HP: 12/12 MP: 3/3
     0 | D:1      | 0 ||| qw: Version: 0.3-a-9-g12657ce
     0 | D:1      | 0 ||| qw: Game counter: 3617
     0 | D:1      | 0 ||| qw: Always use a shield: true
     0 | D:1      | 0 ||| qw: God list: Okawaru
     0 | D:1      | 0 ||| qw: Allow faded altars: false
     0 | D:1      | 0 ||| qw: Do Orc after D:15 true
     0 | D:1      | 0 ||| qw: Do second Lair branch before Depths: true
     0 | D:1      | 0 ||| qw: Lair rune preference: random
     0 | D:1      | 0 ||| qw: Plans: Normal
     0 | D:1      | 0 ||| PLANNING D:1-11
   118 | D:1      | Reached skill level 6 in Ranged Weapons
   118 | D:1      | Reached XP level 2. HP: 16/16 MP: 4/4
   565 | D:1      | Reached XP level 3. HP: 20/20 MP: 5/5
   878 | D:1      | 878 ||| UPGRADING to +0 ring mail.
   888 | D:1      | 888 ||| DROPPING +0 leather armour.
   889 | D:1      | 889 ||| READING scroll labelled MEG ROUTAOLIEF.
   890 | D:1      | 890 ||| READING scroll labelled CUUNEK RONAIGU.
   891 | D:1      | 891 ||| DROPPING scroll of butterflies.
   937 | D:2      | Reached skill level 7 in Ranged Weapons
  1051 | D:2      | Noticed Terence
  1066 | D:2      | Killed Terence
  1067 | D:2      | Reached XP level 4. HP: 10/25 MP: 6/6
  1219 | D:2      | Reached skill level 8 in Ranged Weapons
  1229 | D:2      | Identified the +11 whip of Defence {holy, rPois}
  1493 | D:2      | Noticed Jessica
  1498 | D:2      | Killed Jessica
  1499 | D:2      | Reached XP level 5. HP: 28/29 MP: 7/7
  1556 | D:2      | Noticed Robin
  1571 | D:2      | Killed Robin
  1742 | D:2      | 1742 ||| UPGRADING to +0 helmet.
  1747 | D:2      | 1747 ||| READING scroll labelled CARGHA JYRCHEIC.
  1799 | D:2      | 1799 ||| READING 2 scrolls labelled OCLOIPP UMNY.
  1802 | D:2      | 1802 ||| READING scroll labelled UZOKYMILEA.
  1803 | D:2      | 1803 ||| READING scroll labelled HIONGEU AH NIN.
  1804 | D:2      | 1804 ||| READING scroll labelled RYEMMO IKLEERPH.
  1805 | D:2      | 1805 ||| DRINKING 2 inky potions.
  1806 | D:2      | 1806 ||| READING 4 scrolls of identify.
  1806 | D:2      | 1806 ||| IDENTIFYING fizzy blue potion
  1807 | D:2      | 1807 ||| READING 3 scrolls of identify.
  1807 | D:2      | 1807 ||| IDENTIFYING sapphire potion
  1808 | D:2      | 1808 ||| READING 2 scrolls of identify.
  1808 | D:2      | 1808 ||| IDENTIFYING white potion
  1809 | D:2      | 1809 ||| DROPPING potion of berserk rage.
  1810 | D:2      | 1810 ||| DROPPING potion of degeneration.
  1874 | D:3      | HP: 2/29 [gnoll/+4 flail (6)]
  1875 | D:3      | 1875 ||| READING scroll of teleportation.
  1875 | D:3      | Slain by a gnoll

Levels and vault maps discovered:
D:1:      wander_arrival_fairy_ring, layout_loops_corners
D:2:      layout_basic, kennysheep_jessica_study, uniq_terence, uniq_robin
D:3:      layout_loops_ring, nicolae_overflow_hidden_temple,
          chequers_ecumenical_altar_simple

Skill      XL: |  1  2  3  4 |
---------------+-------------+-----
Ranged Weapons | 6 7 8 |  8.9
Fighting       | |  1.5
Dodging        | |  2.4
Stealth        | |  1.2

Action                     |  1- 3 |  4- 6 || total
---------------------------+-------+-------++-------
   Fire: Shortbow          |   119 |    84 ||   203
    Use: Scroll            |     2 |     9 ||    11
         Potion            |       |     1 ||     1
 Armour: Leather armour    |     5 |       ||     5
         Ring mail         |     7 |     8 ||    15
  Dodge: Dodged            |    33 |    21 ||    54

Table legend:
 A = Non-vault XP
 B = Vault XP
 C = Vault XP percentage of total XP
 D = Non-vault monster count
 E = Vault monster count
 F = Vault count percentage of total count
                 A         B        C        D         E       F
            +---------+---------+-------+---------+---------+-------
      Total |     150 |     113 |  43.0 |      54 |      16 |  22.9
            +---------+---------+-------+---------+---------+-------
        D:1 |      49 |       0 |   0.0 |      30 |       0 |   0.0
        D:2 |      71 |     113 |  61.4 |      21 |      16 |  43.2
        D:3 |      30 |       0 |   0.0 |       3 |       0 |   0.0
            +---------+---------+-------+---------+---------+-------
